 Dungeon Crawl Stone Soup version 0.25-a0-178-gc9f82b1288 (webtiles) character file.

Game seed: 16730348875389315783, levelgen mode: deterministic

51 vurker the Gusty (level 3, -5/20 HPs)
             Began as a Tengu Air Elementalist on Nov 26, 2019.
             Slain by a gnoll
             ... wielding a +0 flail
              (13 damage)
             ... on level 2 of the Dungeon.
             The game lasted 00:02:44 (1913 turns).

vurker the Gusty (Tengu Air Elementalist)           Turns: 1913, Time: 00:02:44

Health: -5/20      AC:  3    Str:  8    XL:     3   Next: 83%
Magic:  5/7        EV: 12    Int: 16    God:
Gold:   95         SH:  0    Dex: 14    Spells: 6/7 levels left

rFire    . . .     SeeInvis .   c - +2 whip (freeze)
rCold    . . .     Gourm    .   (no shield)
rNeg     . . .     Faith    .   g - +0 leather armour (curse)
rPois    .         Spirit   .   (helmet restricted)
rElec    .         Reflect  .   (no cloak)
rCorr    .         Harm     .   (no gloves)
MR       .....                  (boots unavailable)
Stlth    ++........             (no amulet)
HPRegen  0.06/turn              (no ring)
MPRegen  0.10/turn              (no ring)

@: very slightly contaminated
A: beak, talons 3
a: no special abilities


You were on level 2 of the Dungeon.
You were not hungry.

You visited 1 branch of the dungeon, and saw 2 of its levels.

You collected 95 gold pieces.

Inventory:

Hand Weapons
 c - a +2 whip of freezing (weapon)
   (You found it on level 1 of the Dungeon)
Armour
 g - a cursed +0 leather armour (worn)
   (You found it on level 1 of the Dungeon)
Wands
 u - a wand of paralysis (8)
   (You found it on level 2 of the Dungeon)
Scrolls
 a - a scroll of enchant armour {unknown}
 d - 3 scrolls of identify {unknown}
Potions
 b - a potion of lignification {unknown}
Comestibles
 e - 5 rations
 f - 2 chunks of flesh


   Skills:
 + Level 0.9 Fighting
 - Level 2.1 Dodging
 - Level 2.0 Stealth
 * Level 2.5 Spellcasting
 * Level 2.8 Conjurations
 * Level 4.7 Air Magic


You had 6 spell levels left.
You knew the following spells:

 Your Spells              Type           Power        Failure   Level  Hunger
a - Shock                 Conj/Air       ##..         6%          1    #......

Your spell library contained the following spells:

 Spells                   Type           Power        Failure   Level  Hunger
 Swiftness                Chrm/Air       #.......     17%         2    ##.....
 Static Discharge         Conj/Air       ##......     19%         3    ###....
 Airstrike                Air            ###.......   38%         4    #####..
 Lightning Bolt           Conj/Air       ##........   86%         5    ######.


Dungeon Overview and Level Annotations

Branches:
Dungeon (2/15)

Altars:


Innate Abilities, Weirdness & Mutations

You have a beak for a mouth.
You have claws for feet.


Message History

The kobold throws a stone.
The stone hits you but does no damage.
You see here a stone.
There is a stone staircase leading up here.
Aim: a gnoll, wielding a +0 flail The zap hits the kobold.
You kill the kobold!
The zap hits the gnoll.
Aim: a gnoll, wielding a +0 flail (lightly wounded)
The zap hits the gnoll.
The zap hits the hobgoblin.
Aim: a gnoll, wielding a +0 flail (moderately wounded)
The zap hits the gnoll.
Here: a gnoll, wielding a +0 flail (moderately wounded)
The floor.
You climb upwards.
There is a stone staircase leading down here.
You start resting.
You climb downwards.
The hobgoblin hits you but does no damage.
The gnoll hits you with a +0 flail. The hobgoblin barely misses you.
There is a stone staircase leading up here.
Aim: a hobgoblin The zap hits the hobgoblin.
The gnoll barely misses you. The hobgoblin hits you.
Aim: a hobgoblin (moderately wounded)
You miscast Shock.
You are very lightly contaminated with residual magic.
Nothing appears to happen.
The gnoll closely misses you. The hobgoblin closely misses you.
Aim: a hobgoblin (moderately wounded)
The zap hits the hobgoblin.
The gnoll hits you with a +0 flail. The hobgoblin hits you.
* * * LOW HITPOINT WARNING * * *
The hobgoblin closely misses you.
You see here a stone.
The hobgoblin barely misses you.
You see here a stone.
A gnoll comes into view. It is wielding a +0 whip.
The gnoll hits you with a +0 flail.
* * * LOW HITPOINT WARNING * * *
The hobgoblin closely misses you.
You see here a stone.
The gnoll misses you. The hobgoblin misses you.
You see here a stone.
There is a stone staircase leading up here.
The hobgoblin hits you.
* * * LOW HITPOINT WARNING * * *
The gnoll hits you with a +0 flail!
Ouch! That really hurt!
You die...

#..# #..# ###
#.(###.######..
##(.##..#......#
####.........######
#.......######
####.........#
#.....$......#
#.###gg....(.# ..
#@..[....# #
#....>...# ######
#........# #.....
##........# ##.####
#..##########..#
#(## ###...##
##.#######...###
##.(........###
#..##########


You could see a gnoll and a hobgoblin.

Vanquished Creatures
  A howler monkey zombie (D:2)
  3 dart slugs (D:1)
  A giant cockroach (D:1)
  8 goblins
  6 hobgoblins
  5 kobolds
  A ball python (D:2)
  A bat (D:1)
  4 frilled lizards
  3 rats
33 creatures vanquished.

Notes
Turn   | Place    | Note
-------+----------+-------------------------------------------
     0 | D:1      | vurker the Tengu Air Elementalist began the quest for the
                  | Orb.
     0 | D:1      | Reached XP level 1. HP: 10/10 MP: 4/4
   313 | D:1      | Reached XP level 2. HP: 15/15 MP: 4/6
   822 | D:1      | Reached XP level 3. HP: 20/20 MP: 5/7
  1913 | D:2      | Slain by a gnoll

Levels and vault maps discovered:
D:1:      dpeg_arrival_rooms_a, layout_loops_corners
D:2:      layout_rooms, first_ration

Skill      XL: |  1  2 |
---------------+-------+-----
Conjurations   | 2 |  2.8
Fighting       | |  0.9
Dodging        | |  2.1
Stealth        | |  2.0
Spellcasting   | |  2.5
Air Magic      | |  4.7

Action                   || total
-------------------------++-------
Melee: Unarmed           ||     3
       Kick              ||     3
       Whip              ||     4
       Peck              ||     2
 Cast: Shock             ||    81
  Eat: Chunk             ||     4
Armor: Leather armour    ||     4
Dodge: Dodged            ||    20

Table legend:
 A = Non-vault XP
 B = Vault XP
 C = Vault XP percentage of total XP
 D = Non-vault monster count
 E = Vault monster count
 F = Vault count percentage of total count
                 A         B        C        D         E       F
            +---------+---------+-------+---------+---------+-------
      Total |      74 |       0 |   0.0 |      33 |       0 |   0.0
            +---------+---------+-------+---------+---------+-------
        D:1 |      45 |       0 |   0.0 |      22 |       0 |   0.0
        D:2 |      29 |       0 |   0.0 |      11 |       0 |   0.0
            +---------+---------+-------+---------+---------+-------
